 Dungeon Crawl Stone Soup version 0.28-a0-1613-gdaab1c2f9b (webtiles) character file.

Game seed: 2272497764502059543

200 lonewolfV2 the Skirmisher (level 5, -1/42 HPs)
             Began as a Demonspawn Berserker on Jan 21, 2022.
             Was a Follower of Trog.
             Slain by a hound (4 damage)
             ... on level 4 of the Dungeon.
             The game lasted 00:02:08 (2401 turns).

lonewolfV2 the Skirmisher (Demonspawn Berserker)    Turns: 2401, Time: 00:02:09

Health: -1/42      AC:  2    Str: 19    XL:     5   Next: 48%
Magic:  5/5        EV: 12    Int:  9    God:    Trog [*.....]
Gold:   47         SH:  0    Dex: 12    Spells: 4/4 levels left

rFire   . . .      SeeInvis .   c - +1 scythe (venom)
rCold   . . .      Faith    .   (shield currently unavailable)
rNeg    . . .      Spirit   .   b - +0 animal skin
rPois   .          Reflect  .   (no helmet)
rElec   .          Harm     .   (no cloak)
rCorr   .          Rampage  .   (no gloves)
Will    .....                   (no boots)
Stlth   ++........              (no amulet)
HPRegen 0.14/turn               (no ring)
MPRegen 0.09/turn               (no ring)

@: no status effects
A: weakness stinger 1, demonic touch 1
a: Renounce Religion, Berserk


You were on level 4 of the Dungeon.
You worshipped Trog.
Trog was aware of your devotion.
You visited 1 branch of the dungeon, and saw 3 of its levels.

You collected 47 gold pieces.

Inventory:

Hand Weapons
 a - a +0 hand axe
 c - a +1 scythe of venom (weapon)
Armour
 b - a +0 animal skin (worn)
Jewellery
 d - an amulet of magic regeneration
Scrolls
 e - a scroll of magic mapping {unknown}
Potions
 f - a potion of lignification
 g - a potion of heal wounds {unknown}


   Skills:
 + Level 4.2 Fighting
 + Level 3.9 Axes
 + Level 2.0 Armour
 + Level 3.0 Dodging
 + Level 1.1 Stealth


You had 4 spell levels left.
You didn't know any spells.
Your spell library was empty.

Dungeon Overview and Level Annotations

Branches:
Dungeon (2/15)

Altars:


Innate Abilities, Weirdness & Mutations

You have a small tail.
Your touch may inflict minor irresistible damage on your foes.


Message History

You barely miss the hound.
The hound is heavily wounded.
The hound closely misses you. The hound bites you.
You closely miss the hound.
The hound is severely wounded.
The hound bites you but does no damage. The hound bites you.
The hound closely misses you.
You hit the hound but do no damage.
The hound is almost dead.
The hound bites you but does no damage. The hound completely misses you.
The hound bites you.
You closely miss the hound.
The hound is almost dead.
The hound closely misses you. The hound bites you.
The hound closely misses you.
You barely miss the hound.
The hound is almost dead.
The hound closely misses you. The hound barely misses you. The hound bites you.
* * * LOW HITPOINT WARNING * * *
You miss the hound.
The hound is almost dead.
The hound looks more healthy.
The hound barely misses you. The hound closely misses you.
You barely miss the hound.
The hound is almost dead.
The hound bites you.
* * * LOW HITPOINT WARNING * * *
The hound misses you. The hound barely misses you.
You barely miss the hound.
The hound is almost dead.
The hound misses you. The hound barely misses you. The hound bites you.
* * * LOW HITPOINT WARNING * * *
You barely miss the hound.
The hound is almost dead.
The hound bites you.
* * * LOW HITPOINT WARNING * * *
The hound bites you.
* * * LOW HITPOINT WARNING * * *
The hound bites you.
You die...

###..###.........#
#..###.........#
#....#.........#
####...###[#######
.......##..#
#...#..## #.....##
#...### ##.@.#
#.h.# #....#
....#.# .###. .#
.. #. .# . .. !#
## .#


You could see a hound.

Vanquished Creatures
  Sigmund (D:2)
  An adder (D:2)
  A worm (D:2)
  A dart slug (D:1)
  2 ball pythons
  An endoplasm (D:1)
  2 giant cockroaches (D:2)
  2 goblins (D:1)
  2 hobgoblins (D:1)
  2 jackals (D:1)
  6 kobolds
  3 bats (D:1)
  5 frilled lizards (D:1)
  2 rats (D:1)
31 creatures vanquished.

Vanquished Creatures (others)
  3 plants (D:2)
3 creatures vanquished.

Grand Total: 34 creatures vanquished

Notes
Turn   | Place    | Note
-------+----------+-------------------------------------------
     0 | D:1      | lonewolfV2 the Demonspawn Berserker began the quest for the
                  | Orb.
     0 | D:1      | Reached XP level 1. HP: 18/18 MP: 1/1
   409 | D:1      | Found a faded altar of an unknown god.
   522 | D:1      | Discovered your monstrous ancestry.
   522 | D:1      | Gained mutation: Your touch may inflict minor irresistible
                  | damage on your foes. [demonic ancestry]
   522 | D:1      | Reached XP level 2. HP: 20/24 MP: 2/2
  1605 | D:2      | Reached XP level 3. HP: 26/29 MP: 3/3
  1666 | D:2      | Noticed Sigmund
  1680 | D:2      | Killed Sigmund
  1681 | D:2      | Reached skill level 4 in Fighting
  1681 | D:2      | Reached skill level 1 in Stealth
  1681 | D:2      | Reached XP level 4. HP: 8/37 MP: 4/4
  1681 | D:2      | Gained mutation: You have a small tail. [demonic ancestry]
  1681 | D:2      | Reached XP level 5. HP: 9/42 MP: 5/5
  1813 | D:2      | HP: 2/42 [kobold (4)]
  2355 | D:2      | You fall into a shaft and drop 2 floors!
  2401 | D:4      | Slain by a hound

Illustrated notes

Levels and vault maps discovered:
D:1:      dpeg_arrival_signposts, layout_basic,
          ebering_ecumenical_altar_petrified
D:2:      layout_basic, minmay_shallow_snake_nest, uniq_sigmund
D:4:      layout_rooms

Skill      XL: |  1  2  3 |
---------------+----------+-----
Dodging        | 2 3 |  3.0
Armour         | 2 |  2.0
Axes           | 3 |  3.9
Fighting       | 4 |  4.2
Stealth        | 1 |  1.1

Action                   |  1- 3 |  4- 6 || total
-------------------------+-------+-------++-------
Melee: Hand axe          |    74 |       ||    74
       Touch             |    10 |       ||    10
       Scythe            |       |    26 ||    26
       Tailslap          |       |     1 ||     1
Invok: Berserk           |     1 |       ||     1
  Use: Scroll            |     4 |       ||     4
       Potion            |       |     1 ||     1
Armor: Animal skin       |    26 |     6 ||    32
Dodge: Dodged            |    71 |    32 ||   103

Table legend: (Time is in decaauts)
 A = Elapsed time spent in this place.
 B = Non-inter-level travel time spent in this place.
 C = Inter-level travel time spent in this place.
 D = Time resting spent in this place.
 E = Time spent auto-exploring this place.
 F = Levels seen in this place.
 G = Mean time per level.
                   A        B        C        D        E       F      G
               +--------+--------+--------+--------+--------+-----+--------+
         Total |   2444 |   2410 |     34 |    530 |   1518 |   3 |  814.7 |
       Dungeon |   2444 |   2410 |     34 |    530 |   1518 |   3 |  814.7 |
               +--------+--------+--------+--------+--------+-----+--------+

Top non-repeatable levels by time:
     D:1: 1607 daAuts
     D:2: 780 daAuts
     D:4: 56 daAuts
